 Dungeon Sprint DCSS version 0.30.1-11-g7821555f0a (webtiles) character file.

Game seed: 900785093782453043

14 Groucho the Digger (level 2, -4/15 HPs)
             Began as a Deep Elf Earth Elementalist on Jan 4, 2024.
             Was an Initiate of Sif Muna.
             Slain by a scorpion (7 damage)
             ... in the Dungeon (Sprint VII: "The Pits").
             The game lasted 00:01:08 (420 turns).

Groucho the Digger (Deep Elf Earth Elementalist)     Turns: 420, Time: 00:01:08

Health: -4/15      AC:  2    Str:  5    XL:     2   Next: 31%
Magic:  5/9        EV: 12    Int: 19    God:    Sif Muna [......]
Gold:   0          SH:  0    Dex: 15    Spells: 8/9 levels left

rFire   . . .        h - +2 dagger (protect)
rCold   . . .        (no shield)
rNeg    . . .        a - +0 robe
rPois   .            (no helmet)
rElec   .            (no cloak)
rCorr   .            (no gloves)
SInv    .            (no boots)
Will    .....        (no amulet)
Stlth   ++           (no ring)
HPRegen 0.22/turn    (no ring)
MPRegen 0.11/turn

%: no teleportation
@: lethally poisoned (-4 -> -7)
A: no striking features
a: Renounce Religion


You were in the Dungeon.
You worshipped Sif Muna.
Sif Muna was noncommittal.
You visited 1 branch

Inventory:

Hand Weapons
 h - a +2 dagger of protection (weapon)
Armour
 a - a +0 robe (worn)
Scrolls
 g - a scroll of blinking
 j - 5 scrolls of amnesia
 k - a scroll of butterflies
Potions
 b - 5 potions of magic
 e - a potion of haste
 f - 3 potions of berserk rage
 i - 2 potions of invisibility


   Skills:
 - Level 2.4 Dodging
 - Level 2.4 Stealth
 + Level 4.1 Spellcasting
 * Level 3.0 Conjurations
 - Level 1.1 Transmutations
 * Level 4.7 Earth Magic


You had 8 spell levels left.
You knew the following spells:

 Your Spells              Type           Power      Damage    Failure   Level
a - Sandblast             Erth           42%        2d11      1%          1

Your spell library contained the following spells:

 Spells                   Type           Power      Damage    Failure   Level
 Passwall                 Tmut/Erth      11%        N/A       6%          2
 Stone Arrow              Conj/Erth      36%        3d9       9%          3
 Petrify                  Tmut/Erth      14%        N/A       38%         4


Dungeon Overview and Level Annotations

Branches:
Dungeon (1/1)

Altars:
Ashenzari
Cheibriados
Dithmenos
Elyvilon
Fedhas
Gozag
Hepliaklqana
Kikubaaqudgha
Makhleb
Nemelex Xobeh
Okawaru
Qazlal
Ru
Sif Muna
Trog
Uskayaw
Vehumet
Wu Jian
Xom
Yredelemnul
Zin
The Shining One
Jiyva
Lugonu


Message History

Aim: a scorpion (asleep, 100% to hit)
The blast of sand hits the scorpion but does no damage.
The scorpion stings you.
Unknown command.
Unknown command.
Casting: Sandblast (safe; 1% risk of failure)
Confirm with . or Enter, or press ? or * to list all spells.
Aiming: Sandblast (safe; 1% risk of failure)
Press: ? - help, Shift-Dir - straight line, f/p - scorpion
Aim: a scorpion (83% to hit)
The blast of sand hits the scorpion but does no damage.
The scorpion barely misses you. The scorpion stings you.
* * * LOW HITPOINT WARNING * * *
You are lethally poisoned!
The scorpion poisons you!
You feel better. The scorpion misses you.
Casting: Sandblast (safe; 1% risk of failure)
Confirm with . or Enter, or press ? or * to list all spells.
Aiming: Sandblast (safe; 1% risk of failure)
Press: ? - help, Shift-Dir - straight line, f/p - scorpion
Aim: a scorpion (83% to hit)
The blast of sand hits the scorpion!
The scorpion is heavily wounded.
The scorpion stings you.
You are poisoned.
The scorpion poisons you! The scorpion stings you.
* * * LOW HITPOINT WARNING * * *
Unknown command.
You feel much better.
You feel sick. The scorpion stings you.
Casting: Sandblast (safe; 1% risk of failure)
Confirm with . or Enter, or press ? or * to list all spells.
Aiming: Sandblast (safe; 1% risk of failure)
Press: ? - help, Shift-Dir - straight line, f/p - scorpion
Aim: a scorpion (heavily wounded, 83% to hit)
The blast of sand hits the scorpion.
The scorpion is severely wounded.
You feel sick. The scorpion stings you.
* * * LOW HITPOINT WARNING * * *
The scorpion stings you!
You die...

_________.# _________.#
_______...###########++
##########'##...........
#.?(.')))'.##......#..#
##########.##..........
#...........'...........
#+#####'#####......#..#.
#.)..@##...........
#####s#####'#####+
..##.......#
...##.......#
#+####.......# #...<...#
#.......# #.......#
#.......#


You could see a scorpion.

Vanquished Creatures
  An adder (D)
  An adder skeleton (D)
  A goblin (D)
3 creatures vanquished.

Notes
Turn   | Place    | Note
-------+----------+-------------------------------------------
     0 | D        | Groucho the Deep Elf Earth Elementalist began the quest for
                  | the Orb.
     0 | D        | Reached XP level 1. HP: 10/10 MP: 6/6
    15 | D        | Reached XP level 2. HP: 14/15 MP: 1/8
   375 | D        | Found a glowing golden altar of the Shining One.
   375 | D        | Found a glowing silver altar of Zin.
   375 | D        | Found a basalt altar of Yredelemnul.
   375 | D        | Found a shimmering altar of Xom.
   375 | D        | Found an ornate altar of the Wu Jian Council.
   375 | D        | Found a bloodstained altar of Trog.
   375 | D        | Found a shimmering blue altar of Sif Muna.
   375 | D        | Found a sacrificial altar of Ru.
   375 | D        | Found a stormy altar of Qazlal.
   375 | D        | Found an iron altar of Okawaru.
   375 | D        | Found a sparkling altar of Nemelex Xobeh.
   375 | D        | Found a burning altar of Makhleb.
   375 | D        | Found a viscous altar of Jiyva.
   375 | D        | Found a hazy altar of Hepliaklqana.
   375 | D        | Found an opulent altar of Gozag.
   375 | D        | Found a blossoming altar of Fedhas.
   375 | D        | Found a white marble altar of Elyvilon.
   375 | D        | Found a shadowy altar of Dithmenos.
   375 | D        | Found a snail-covered altar of Cheibriados.
   376 | D        | Found a radiant altar of Vehumet.
   376 | D        | Found a corrupted altar of Lugonu.
   377 | D        | Found an ancient bone altar of Kikubaaqudgha.
   377 | D        | Found a hide-covered altar of Uskayaw.
   377 | D        | Found a broken altar of Ashenzari.
   378 | D        | Became a worshipper of Sif Muna the Loreminder
   414 | D        | Noticed a scorpion
   420 | D        | Slain by a scorpion

Illustrated notes

Levels and vault maps discovered:
D:        pitsprint [storerooms_1, entrance_room_1, metal_vault_5, armoury_2,
          mini_pit_1, grid_room_1, main_hall_1, silver_pit, the_coven_1,
          the_vestibule_1, steel_vault_1, golden_pit, hallway_of_sentries,
          crystal_vault_5, iron_vault_3, final_vault]

Skill      XL: |  1  2 |
---------------+-------+-----
Conjurations   | 2 3 |  3.0
Earth Magic    | 4 |  4.7
Spellcasting   | 4 |  4.1
Dodging        | |  2.4
Stealth        | |  2.4
Transmutations | |  1.1

Action                     || total
---------------------------++-------
   Cast: Sandblast         ||    11
    Use: Potion            ||     2
  Dodge: Dodged            ||     6
